 Dungeon Crawl Stone Soup version 0.19-a0-1731-g1e0734d (webtiles) character file.

67 Sixotanaka the Charmwright (level 3, -1/25 HPs)
             Began as a High Elf Skald on Sept 30, 2016.
             Slain by mhoghedin's ghost (20 damage)
             ... on level 3 of the Dungeon.
             The game lasted 00:08:47 (2823 turns).

Sixotanaka the Charmwright (High Elf Skald)         Turns: 2823, Time: 00:08:48

Health: -1/25      AC:  3    Str: 11    XL:     3   Next: 98%
Magic:  1/8        EV: 12    Int: 16    God:
Gold:   125        SH:  0    Dex: 15    Spells: 3 memorised, 1 level left

rFire  . . .     SeeInvis .     a - +0 falchion
rCold  . . .     Gourm    .     b - +0 leather armour
rNeg   . . .     Faith    .     (no shield)
rPois  .         Spirit   .     (no helmet)
rElec  .         Dismiss  .     (no cloak)
rCorr  .         Reflect  .     (no gloves)
MR     .....     Harm     .     (no boots)
Stlth  +.........               (no amulet)
                                (no ring)
                                (no ring)

@: very slightly contaminated, glowing
A: no striking features
a: no special abilities


You were on level 3 of the Dungeon.
You were not hungry.

You visited 1 branch of the dungeon, and saw 4 of its levels.

You collected 125 gold pieces.


   Skills:
 + Level 2.4 Fighting
 + Level 3.1 Long Blades
 + Level 1.4 Armour
 + Level 2.0 Dodging
 + Level 2.9 Spellcasting
 + Level 4.1 Charms


You had one spell level left.
You knew the following spells:

 Your Spells              Type           Power        Failure   Level  Hunger
a - Infusion              Chrm           ###.         6%          1    #......
b - Shroud of Golubria    Chrm/Tloc      #.........   17%         2    ##.....
c - Spectral Weapon       Hex/Chrm       #.......     34%         3    ###....


Dungeon Overview and Level Annotations

Branches:
Dungeon (4/15)
 Temple: D:4-7

Altars:
Fedhas

Annotations:
D:3 mhoghedin's ghost, amateur DEAM

Inventory:

Hand Weapons
 a - a +0 falchion (weapon)
Missiles
 p - 20 poisoned needles
Armour
 b - a +0 leather armour (worn)
Jewellery
 k - an uncursed ring of see invisible {unknown}
   (You found it on level 3 of the Dungeon)
Scrolls
 e - 3 scrolls of recharging
 f - a scroll of enchant armour {unknown}
 j - 4 scrolls of teleportation {@r4}
 n - 2 scrolls of remove curse {@r2}
 t - a scroll of random uselessness {unknown}
Potions
 g - 2 potions of cancellation
 h - 2 potions of curing {@q1}
 m - a potion of lignification {unknown}
 o - a potion of invisibility {unknown}
 q - a potion of agility {unknown}
 r - a potion of brilliance {unknown}
 s - a potion of degeneration {unknown}
 u - a potion of flight {unknown}
 v - 2 potions of heal wounds {@q2}
Books
 c - a book of Battle
Comestibles
 d - 3 bread rations {@e1}
 i - 5 fruits

##..######.####+# #.#
####..## ##W.##.##..#
##....####### ###.....#
.. #...........#
###%####... #.#.........#
#.#...... # #.........#
#####........
#.........###....(#####.#
#.(.............###
.#.......[.W@.##.#
...........#####.#
..#.........## #..
..#..........######.
..........#........#
...####........###..
###.[......#.......... .
......#..##........[ #.
..#.................


You could see mhoghedin's ghost.


Message History

Found a shiny ring mail.
Your shroud unravels.
Your magical infusion is running out.
You are no longer magically infusing your attacks.
There is a stone staircase leading up here.
You climb upwards.
There is a stone staircase leading down here.
You start resting.
You are no longer glowing.
You start resting.
Some of the chunks of flesh in your inventory have rotted away.
All of the chunks of flesh in your inventory have rotted away.
You begin infusing your attacks with magical energy.
You miscast Shroud of Golubria.
You are very lightly contaminated with residual magic.
The floor and the ceiling briefly switch places.
Space distorts slightly along a thin shroud covering your body.
You climb downwards.
Level annotation: mhoghedin's ghost, amateur DEAM Your shroud bends mhoghedin's ghost's attack away.
There is a stone staircase leading up here.
You barely miss mhoghedin's ghost. Mhoghedin's ghost casts a spell at you.
You resist with significant effort.
You closely miss mhoghedin's ghost.
Your shroud begins to fray at the edges.
Mhoghedin's ghost hits you.
You closely miss mhoghedin's ghost. Mhoghedin's ghost closely misses you.
Mhoghedin's ghost hits you but does no damage.
You hit mhoghedin's ghost!
Your magical infusion is running out.
Your shroud bends mhoghedin's ghost's attack away.
You barely miss mhoghedin's ghost. Mhoghedin's ghost casts a spell at you.
You are outlined in light.
You hit mhoghedin's ghost! Mhoghedin's ghost hits you.
Your shroud falls apart!
You barely miss mhoghedin's ghost. Mhoghedin's ghost barely misses you.
You hit mhoghedin's ghost. Mhoghedin's ghost hits you.
You hit mhoghedin's ghost!
You are no longer magically infusing your attacks.
Mhoghedin's ghost barely misses you.
Mhoghedin's ghost completely misses you.
You riposte.
You hit mhoghedin's ghost.
You hit mhoghedin's ghost but do no damage.
Mhoghedin's ghost gestures at you while chanting.
You resist with significant effort.
You hit mhoghedin's ghost but do no damage.
Mhoghedin's ghost hits you.
You are electrocuted!
Ouch! That really hurt!
You die...

Vault maps used:
D:1:      dpeg_arrival_snail, minmay_misc_feat_tiny
D:2:      first_bread, serial_park_tiny_2, fedhas_altar_fruit_tree
D:3:      minmay_item_behind_shaft, interstate_on_off
D:4:      portal_sewer_entry_a, kennysheep_slug_shrine, uniq_duvessa, uniq_pikel

Vanquished Creatures
  2 dart slugs (D:2)
  3 leopard geckos
  6 bats
  4 giant cockroaches
  4 hobgoblins
  11 jackals
  10 kobolds
  3 frilled lizards
  4 goblins
  6 rats
53 creatures vanquished.

Table legend:
 A = Turns spent in this place as a percentage of turns spent in the entire game.
 B = Non-inter-level travel turns spent in this place as a percentage of non-inter-level travel turns spent in the entire game.
 C = Inter-level travel turns spent in this place as a percentage of turns spent in this place.
 D = Turns resting spent in this place as a percentage of non-inter-level travel turns spent in this place.
 E = Turns spent auto-exploring this place as a percentage of non-inter-level travel turns spent in this place.
 F = Non-inter-level travel turns spent in this place divided by the number of levels of this place that you've seen.
                   A       B       C       D       E      F
               +-------+-------+-------+-------+-------+----------------------
         Total | 100.0 | 100.0 |   1.1 |   6.0 |  17.5 | 174.0
       Dungeon | 100.0 | 100.0 |   1.1 |   6.0 |  17.5 | 174.0
               +-------+-------+-------+-------+-------+----------------------

Table legend:
 A = Kills in this place as a percentage of kills in entire the game.
 B = Kills by you in this place as a percentage of kills by you in the entire game.
 C = Kills by friends in this place as a percentage of kills by friends in the entire game.
 D = Other kills in this place as a percentage of other kills in the entire game.
 E = Experience gained in this place as a percentage of experience gained in the entire game.
 F = Experience gained in this place divided by the number of levels of this place that you have seen.
                   A       B       C       D       E      F
               +-------+-------+-------+-------+-------+----------------------
         Total | 100.0 | 100.0 |  -nan |  -nan | 100.0 |  24.0
       Dungeon | 100.0 | 100.0 |  -nan |  -nan | 100.0 |  24.0
               +-------+-------+-------+-------+-------+----------------------

Notes
Turn   | Place    | Note
-------+----------+-------------------------------------------
     0 | D:1      | Sixotanaka the High Elf Skald began the quest for the Orb.
     0 | D:1      | Reached XP level 1. HP: 14/14 MP: 4/4
   494 | D:1      | Reached skill level 1 in Armour
   575 | D:1      | Reached XP level 2. HP: 19/19 MP: 6/6
   586 | D:1      | Learned a level 2 spell: Shroud of Golubria
   851 | D:1      | You fall through a shaft!
  1242 | D:2      | You fall through a shaft for 2 floors!
  1390 | D:2      | Reached XP level 3. HP: 24/24 MP: 7/7
  1507 | D:2      | Reached skill level 4 in Charms
  1588 | D:2      | Reached skill level 3 in Long Blades
  1977 | D:2      | Found a blossoming altar of Fedhas.
  2059 | D:3      | Noticed mhoghedin's ghost (amateur DEAM)
  2076 | D:2      | Reached skill level 2 in Dodging
  2243 | D:2      | Learned a level 3 spell: Spectral Weapon
  2248 | D:3      | HP: 4/25 [mhoghedin's ghost (19)]
  2823 | D:3      | Slain by mhoghedin's ghost

Action                   || total
-------------------------++-------
Melee: Falchion          ||   183
 Cast: Infusion          ||    10
       Shroud of Golubri ||     8
  Use: Scroll            ||     5
 Stab: Sleeping          ||     1
  Eat: Chunk             ||     3
       Bread ration      ||     1
       Beef jerky        ||     1
Armor: Leather armour    ||    44
Dodge: Dodged            ||   101
